 Dungeon Crawl Stone Soup version 0.32-a0-791-gfc315c9ecd (webtiles) character file.

Game seed: 500141590841231188

112 Ruich the Conjurer (level 4, -3/33 HPs)
             Began as a Demigod Conjurer on Mar 21, 2024.
             Killed by nerve-wracking pain
             ... invoked by an orc priest
              (13 damage)
             ... on level 4 of the Dungeon.
             The game lasted 00:06:01 (3054 turns).

Ruich the Conjurer (Demigod Conjurer)               Turns: 3054, Time: 00:06:03

Health: -3/33      AC:  7    Str:  8    XL:     4   Next: 38%
Magic:  2/10       EV: 11    Int: 24    God:
Gold:   96         SH:  5    Dex: 12    Spells: 1/8 levels left

rFire   . . .        c - +0 short sword
rCold   . . .        (no shield)
rNeg    . . .        a - +0 robe
rPois   .            i - +0 helmet
rElec   .            g - +2 cloak
rCorr   .            e - +0 pair of gloves
SInv    .            (no boots)
Will    .....        l - amulet of reflection
Stlth   ++           (no ring)
HPRegen 0.25/turn    (no ring)
MPRegen 0.12/turn

%: reflection
@: no status effects
A: high MP 1, forlorn, divine attributes
a: no special abilities


You were on level 4 of the Dungeon.
You visited 1 branch of the dungeon, and saw 3 of its levels.

You collected 96 gold pieces.


Innate Abilities, Weirdness & Mutations

You have an increased reservoir of magic. (+10% MP)
You shall have no god before yourself.
Your divine heritage dramatically boosts your attributes as you level up.


   Skills:
 - Level 1.9 Dodging
 - Level 2.0 Stealth
 + Level 2.7 Spellcasting
 * Level 4.8 Conjurations
 + Level 0.2 Translocations


You had one spell level left.
You knew the following spells:

 Your Spells              Type           Power      Damage    Failure   Level
i - Iskenderun's Mystic   Conj/Tloc      15%        2d5       36%         4
m - Magic Dart            Conj           100%       1d8       1%          1
s - Searing Ray           Conj           52%        2d6       2%          2

Your spell library contained the following spells:

 Spells                   Type           Power      Damage    Failure   Level
 Fulminant Prism          Conj/Alch      7%         3d7       38%         4
 Vhi's Electric Charge    Tloc/Air       6%         N/A       71%         4
 Ignite Poison            Fire/Alch      3%         N/A       73%         4
 Summon Blazeheart Golem  Fire/Summ      3%         N/A       73%         4

Inventory:

Hand Weapons
 c - a +0 short sword (weapon)
Armour
 a - a +0 robe (worn)
 e - a +0 pair of gloves (worn)
 g - a +2 cloak (worn)
 i - a +0 helmet (worn)
Magical Staves
 o - a staff of cold {!a}
Jewellery
 l - an amulet of reflection (around neck)
Scrolls
 k - a scroll of summoning
 m - 2 scrolls of teleportation {unknown}
 n - a scroll of amnesia {unknown}
Potions
 b - a potion of magic
 d - a potion of resistance
 f - a potion of haste {@q3}
 h - a potion of attraction
 j - a potion of degeneration {unknown}
 p - 2 potions of berserk rage {unknown}
 q - a potion of brilliance {unknown}

Dungeon Overview and Level Annotations

Branches:
Dungeon (2/15) Zot: 14946

Annotations:
D:4 1 runed translucent door, Crazy Yiuf

###. ##... .... ##...
.^. #....###.#
#.#...##.# #.....##.#
#..@##.# # #..o##.#
.#
########...##.#..##o.
#....................
#.##........#.##)###.
#.##.##..........
#.##.###......#..#
#.##.###.#.#.##..<.
#.##.##....#.# .###


You could see an orc priest.


Message History

Aim: a quokka (moderately wounded, 71% to hit)
You kill the quokka! (Press . to maintain the ray.)
You start resting.
An orc priest is nearby!
Unknown command.
Casting: Searing Ray (safe; 2% risk of failure)
Confirm with . or Enter, or press ? or * to list all spells.
Aiming: Searing Ray (safe; 2% risk of failure)
Press: ? - help, Shift-Dir - straight line, f - orc priest
Aim: an orc priest, wielding a +0 war axe (79% to hit)
The orc priest is heavily wounded. (Press . to maintain the ray.)
The orc priest is heavily wounded.
The orc priest mumbles some strange prayers to Beogh against you.
Beogh smites you!
* * * LOW HITPOINT WARNING * * *
The orc priest is severely wounded.
Unknown command.
Unknown command.
Casting: Searing Ray (safe; 2% risk of failure)
Confirm with . or Enter, or press ? or * to list all spells.
Restarting spell: Searing Ray (safe; 2% risk of failure)
Press: ? - help, Shift-Dir - straight line, f/p - orc priest
Aim: an orc priest, wielding a +0 war axe (severely wounded, 79% to hit)
The orc priest is almost dead. (Press . to maintain the ray.)
The orc priest mumbles some strange prayers to Beogh against you.
Pain shoots through your body!
You die...

Skill      XL: |  1  2 |
---------------+-------+-----
Stealth        | 2 |  2.0
Spellcasting   | 2 |  2.7
Conjurations   | 4 |  4.8
Dodging        | |  1.9
Translocations | |  0.2

Action                     |  1- 3 |  4- 6 || total
---------------------------+-------+-------++-------
  Melee: Short sword       |     6 |       ||     6
   Cast: Magic Dart        |   106 |    13 ||   119
         Searing Ray       |     2 |     6 ||     8
    Use: Scroll            |     7 |       ||     7
 Armour: Robe              |    14 |     4 ||    18
  Dodge: Dodged            |    13 |     3 ||    16

Levels and vault maps discovered:
D:1:      dpeg_arrival_fog, layout_loops_cross, minmay_misc_feat_roman
D:2:      layout_loops_corners, minmay_pentomino_t2, uniq_natasha
D:4:      layout_loops_ring, pdpol_wu_jian_five_deadly_venoms,
          uniq_crazy_yiuf_cottage

Notes
Turn   | Place    | Note
-------+----------+-------------------------------------------
     0 | D:1      | Ruich the Demigod Conjurer began the quest for the Orb.
     0 | D:1      | Reached XP level 1. HP: 14/14 MP: 5/5
   213 | D:1      | Reached skill level 2 in Stealth
   348 | D:1      | Reached skill level 2 in Spellcasting
   391 | D:1      | Reached XP level 2. HP: 20/20 MP: 4/7
   522 | D:1      | Learned a level 2 spell: Searing Ray
   553 | D:1      | Reached skill level 4 in Conjurations
   695 | D:1      | Got Ampeixt's Information on Planar Ignition
   948 | D:1      | Reached XP level 3. HP: 26/26 MP: 6/9
  1836 | D:2      | Identified a potion of resistance
  2121 | D:2      | You fall into a shaft and drop 2 floors!
  2184 | D:4      | Reached XP level 4. HP: 30/33 MP: 2/10
  2252 | D:4      | Learned a level 4 spell: Iskenderun's Mystic Blast
  2591 | D:4      | Found a runed translucent door.
  2592 | D:4      | Noticed Crazy Yiuf
  3054 | D:4      | Killed from afar by an orc priest

Vanquished Creatures
  An orc wizard (D:4)
  An adder (D:2)
  3 dart slugs
  2 ribbon worms (D:4)
  3 orcs (D:4)
  3 ball pythons
  6 endoplasms
  3 giant cockroaches
  6 goblins
  5 hobgoblins
  7 jackals
  4 quokkas
  6 bats
  5 kobolds (D:1)
  4 rats (D:1)
59 creatures vanquished.

Table legend: (Time is in decaauts)
 A = Elapsed time spent in this place.
 B = Non-inter-level travel time spent in this place.
 C = Inter-level travel time spent in this place.
 D = Time resting spent in this place.
 E = Time spent auto-exploring this place.
 F = Levels seen in this place.
 G = Mean time per level.
                   A        B        C        D        E       F      G
               +--------+--------+--------+--------+--------+-----+--------+
         Total |   3053 |   3019 |     34 |   1199 |   1395 |   3 | 1017.7 |
       Dungeon |   3053 |   3019 |     34 |   1199 |   1395 |   3 | 1017.7 |
               +--------+--------+--------+--------+--------+-----+--------+

Top non-repeatable levels by time:
     D:1: 1533 daAuts
     D:4: 932 daAuts
     D:2: 586 daAuts

Table legend:
 A = Non-vault XP
 B = Vault XP
 C = Vault XP percentage of total XP
 D = Non-vault monster count
 E = Vault monster count
 F = Vault count percentage of total count
                 A         B        C        D         E       F
            +---------+---------+-------+---------+---------+-------
      Total |     160 |       1 |   0.6 |      58 |       1 |   1.7
            +---------+---------+-------+---------+---------+-------
        D:1 |      65 |       0 |   0.0 |      36 |       0 |   0.0
        D:2 |      30 |       1 |   3.2 |      10 |       1 |   9.1
        D:4 |      65 |       0 |   0.0 |      12 |       0 |   0.0
            +---------+---------+-------+---------+---------+-------
